 Dungeon Crawl Stone Soup version 0.27-a0-1378-gdefffd1ff6 (webtiles) character file.

Game seed: 1629993515142277597

550 pokeman the Magician (level 7, -3/38 HPs)
             Began as a Deep Elf Hedge Wizard on June 29, 2021.
             Slain by a phantom (5 damage)
             ... on level 5 of the Dungeon.
             The game lasted 00:13:44 (5689 turns).

pokeman the Magician (Deep Elf Hedge Wizard)        Turns: 5689, Time: 00:13:45

Health: -3/38      AC:  9    Str:  7    XL:     7   Next: 7%
Magic:  19/20      EV: 12    Int: 21    God:
Gold:   208        SH:  0    Dex: 14    Spells: 10/21 levels left

rFire    . . .     SeeInvis .   a - +3 spear
rCold    + . .     Faith    .   (no shield)
rNeg     . . .     Spirit   .   v - +3 leather armour of Dithmenos's Wrath {rCorr}
rPois    .         Reflect  .   l - +0 helmet
rElec    .         Harm     .   (no cloak)
rCorr    +         Rampage  .   e - +0 pair of gloves
Will     +....                  i - +0 pair of boots
Stlth    ++........             g - amulet of magic regeneration
HPRegen  0.12/turn              m - ring of willpower
MPRegen  0.42/turn              x - ring of protection from cold

@: no status effects
A: no striking features
a: no special abilities


You were on level 5 of the Dungeon.
You visited 1 branch of the dungeon, and saw 5 of its levels.

You collected 208 gold pieces.

Inventory:

Hand Weapons
 a - a +3 spear (weapon)
Missiles
 q - 7 atropa-tipped darts
Armour
 e - a +0 pair of gloves (worn)
 i - a +0 pair of boots (worn)
 l - a +0 helmet (worn)
 v - the +3 leather armour of Dithmenos's Wrath (worn) {rCorr}
   (You found it on level 4 of the Dungeon)

   rCorr:     It protects you from acid and corrosion.
Jewellery
 g - an amulet of magic regeneration (around neck)
 m - a ring of willpower (left hand)
 x - a ring of protection from cold (right hand)
Wands
 h - a wand of flame (17)
 s - a wand of iceblast (8)
Scrolls
 c - a scroll of enchant weapon {unknown}
 j - a scroll of blinking {unknown}
 k - a scroll of torment {unknown}
 o - a scroll of teleportation {unknown}
 p - a scroll of amnesia {unknown}
 r - a scroll of fog {unknown}
 t - a scroll of enchant armour {unknown}
 u - a scroll of vulnerability {unknown}
Potions
 b - a potion of attraction {unknown}
 d - a potion of degeneration {unknown}
 f - a potion of might {unknown}
 n - a potion of flight {unknown}
 w - a potion of berserk rage {unknown}


   Skills:
 + Level 1.6 Fighting
 - Level 1.0 Armour
 - Level 3.0 Dodging
 - Level 3.3 Stealth
 * Level 7.6 Spellcasting
 + Level 3.7 Conjurations
 - Level 1.1 Summonings
 - Level 1.1 Translocations
 + Level 1.2 Fire Magic
 - Level 1.2 Air Magic
 - Level 1.0 Poison Magic
 - Level 1.0 Evocations


You had 10 spell levels left.
You knew the following spells:

 Your Spells              Type           Power      Damage    Failure   Level
a - Magic Dart            Conj           92%        1d7       2%          1
b - Mephitic Cloud        Conj/Pois/Air  16%        N/A       16%         3
c - Call Imp              Summ           12%        N/A       12%         2
d - Blink                 Tloc           N/A        N/A       12%         2
e - Conjure Flame         Conj/Fire      18%        6-21      13%         3

Your spell library contained the following spells:

 Spells                   Type           Power      Damage    Failure   Level
 Slow                     Hex            8%         N/A       19%         2


Dungeon Overview and Level Annotations

Branches:
Dungeon (5/15)
 Temple: D:4-7

Altars:

Shops:
D:4 [

Annotations:
D:1 Loot behind rocks


Message History

The shadow imp closely misses you. The phantom hits you.
The phantom blinks!
You blink.
The black bear bites you but does no damage.
The black bear claws you but does no damage.
The black bear claws you.
Found 8 gold pieces.
Casting: Magic Dart (safe; 2% risk of failure)
Confirm with . or Enter, or press ? or * to list all spells.
You blink.
The iguana hisses angrily.
Found a glaive.
Found 17 gold pieces.
Casting: Blink (safe; 12% risk of failure)
Confirm with . or Enter, or press ? or * to list all spells.
A shadowy apparition takes form in the air.
The phantom hits you.
The phantom blinks!
You blink.
The shadow imp gestures at you. Pain shoots through your body!
* * * LOW HITPOINT WARNING * * *
Found 12 arrows.
Casting: Call Imp (safe; 12% risk of failure)
Confirm with . or Enter, or press ? or * to list all spells.
You blink.
The hound skeleton closely misses you.
The iguana bites you but does no damage.
Casting: Blink (safe; 12% risk of failure)
Confirm with . or Enter, or press ? or * to list all spells.
You blink.
Found an escape hatch in the floor.
The phantom hits you.
* * * LOW HITPOINT WARNING * * *
The phantom blinks!
You blink.
Found 9 bolts.
You hit the phantom but do no damage.
The phantom hits you but does no damage.
The phantom hits you but does no damage.
The phantom hits you.
* * * LOW HITPOINT WARNING * * *
The phantom blinks!
You blink.
The phantom hits you.
You die...

##..............###
#...<.ยง...#..5..5..
#........Z..#......
#..................
#........l.........
.........h..........
###.......5.........
##.####......$.........
#.....@W....<..........
#.####.)...............
##................
####.....##......
##...##.......
#.#.##.......
..............
.$#####........ #
##.......


You could see a phantom, a black bear, an iguana, a shadow imp and a hound
skeleton.

Vanquished Creatures
  A necrophage (D:4)
  An ogre (D:4)
  A kobold brigand (D:4)
  A gnoll shaman (D:3)
  2 jellies
  An orc wizard (D:3)
  A killer bee zombie (D:5)
  A hound skeleton (D:4)
  Robin (D:2)
  3 adders
  An ufetubus (D:4)
  2 worms
  3 dart slugs
  4 orcs
  7 ball pythons
  7 bats
  16 endoplasms
  A giant cockroach (D:1)
  20 goblins
  8 hobgoblins
  11 jackals
  A quokka (D:2)
  5 frilled lizards
  15 kobolds
  3 rats
117 creatures vanquished.

Vanquished Creatures (collateral kills)
  An endoplasm (D:3)
1 creature vanquished.

Vanquished Creatures (others)
  4 fungi (D:3)
  8 toadstools (D:3)
12 creatures vanquished.

Grand Total: 130 creatures vanquished

Notes
Turn   | Place    | Note
-------+----------+-------------------------------------------
     0 | D:1      | pokeman the Deep Elf Hedge Wizard began the quest for the
                  | Orb.
     0 | D:1      | Reached XP level 1. HP: 10/10 MP: 7/7
   218 | D:1      | Reached XP level 2. HP: 15/15 MP: 2/9
  1005 | D:1      | Reached skill level 5 in Spellcasting
  1211 | D:1      | Found a faded altar of an unknown god.
  1349 | D:1      | Reached XP level 3. HP: 20/20 MP: 8/11
  1353 | D:1      | Learned a level 3 spell: Mephitic Cloud
  1356 | D:1      | Learned a level 2 spell: Call Imp
  1359 | D:1      | Learned a level 2 spell: Blink
  1363 | D:1      | Learned a level 3 spell: Conjure Flame
  1847 | D:2      | Reached skill level 1 in Armour
  1883 | D:2      | Reached skill level 1 in Fighting
  2230 | D:2      | Noticed Robin
  2238 | D:2      | Reached XP level 4. HP: 25/25 MP: 11/13
  2305 | D:2      | Killed Robin
  2817 | D:3      | Reached skill level 1 in Fire Magic
  2900 | D:3      | Reached skill level 6 in Spellcasting
  3017 | D:3      | Reached XP level 5. HP: 29/29 MP: 11/15
  3587 | D:3      | Reached skill level 1 in Evocations
  3851 | D:4      | Noticed a necrophage
  3866 | D:4      | Killed a necrophage
  3867 | D:4      | Reached skill level 1 in Poison Magic
  3867 | D:4      | Reached XP level 6. HP: 34/34 MP: 9/17
  3898 | D:4      | Reached skill level 7 in Spellcasting
  4043 | D:4      | Identified the +3 leather armour of Dithmenos's Wrath
                  | {rCorr}
  4211 | D:4      | Found Toimureu's Armour Boutique.
  4670 | D:4      | Reached skill level 1 in Air Magic
  4670 | D:4      | Reached XP level 7. HP: 9/38 MP: 16/20
  5654 | D:5      | Entered Level 5 of the Dungeon
  5689 | D:5      | Slain by a phantom

Illustrated notes

Levels and vault maps discovered:
D:1:      arrival_zaba_pyramid, layout_loops_ring,
          ebering_ecumenical_altar_rust, minmay_door_square,
          minmay_strange_pillars, nrook_loot_triangle, due_unseen_surprise
D:2:      layout_rooms, kennysheep_generic_room_13, uniq_robin
D:3:      cheibrodos_fertilizer, layout_rooms, minmay_pentangle
D:4:      layout_layer_cave, serial_shops, shop
D:5:      layout_rooms, gammafunk_temple_overflow_arena, temple_doors_e,
          ebering_ghost_inner_flame

Skill      XL: |  1  2  3  4  5  6 |
---------------+-------------------+-----
Spellcasting   | 5 6 7 |  7.6
Armour         | 1 |  1.0
Fighting       | 1 |  1.6
Conjurations   | 2 3 |  3.7
Dodging        | 3 |  3.0
Fire Magic     | 1 |  1.2
Stealth        | 3 |  3.3
Evocations     | 1 |  1.0
Poison Magic   | 1 |  1.0
Air Magic      | 1 |  1.2
Summonings     | |  1.1
Translocations | |  1.1

Action                   |  1- 3 |  4- 6 |  7- 9 || total
-------------------------+-------+-------+-------++-------
Melee: Spear             |    17 |    45 |     7 ||    69
 Cast: Magic Dart        |   118 |   132 |     6 ||   256
       Mephitic Cloud    |       |     8 |     1 ||     9
       Conjure Flame     |       |     9 |     1 ||    10
       Call Imp          |       |     2 |     1 ||     3
       Blink             |       |     1 |     3 ||     4
 Stab: Confused          |       |     2 |       ||     2
Armor: Leather armour    |    15 |    19 |    10 ||    44
Dodge: Dodged            |    23 |    25 |    13 ||    61

Table legend: (Time is in decaauts)
 A = Elapsed time spent in this place.
 B = Non-inter-level travel time spent in this place.
 C = Inter-level travel time spent in this place.
 D = Time resting spent in this place.
 E = Time spent auto-exploring this place.
 F = Levels seen in this place.
 G = Mean time per level.
                   A        B        C        D        E       F      G
               +--------+--------+--------+--------+--------+-----+--------+
         Total |   5694 |   5550 |    144 |     92 |   4745 |   5 | 1138.8 |
       Dungeon |   5694 |   5550 |    144 |     92 |   4745 |   5 | 1138.8 |
               +--------+--------+--------+--------+--------+-----+--------+

Top non-repeatable levels by time:
     D:4: 1822 daAuts
     D:1: 1709 daAuts
     D:3: 1192 daAuts
     D:2: 934 daAuts
     D:5: 35 daAuts
